 Dungeon Crawl Stone Soup version 0.26.1-11-gd32895ea62 (webtiles) character file.

Game seed: 11077014845039860429

84 Zeld the Unweaver (level 4, -8/35 HPs)
             Began as a Demonspawn Abyssal Knight on June 15, 2021.
             Was a Follower of Lugonu.
             Mangled by Crazy Yiuf
             ... wielding a +2 quarterstaff of chaos
              (12 damage)
             ... on level 2 of the Dungeon.
             The game lasted 00:02:26 (3978 turns).

Zeld the Unweaver (Demonspawn Abyssal Knight)       Turns: 3978, Time: 00:02:26

Health: -8/35      AC:  5    Str: 14    XL:     4   Next: 23%
Magic:  6/6        EV: 16    Int: 13    God:    Lugonu [*.....]
Gold:   123        SH:  0    Dex: 12    Spells: 3/3 levels left

rFire    . . .     SeeInvis .   a - +1 short sword
rCold    . . .     Faith    .   (no shield)
rNeg     . . .     Spirit   .   b - +0 leather armour
rPois    .         Reflect  .   (no helmet)
rElec    .         Harm     .   (no cloak)
rCorr    .         Rampage  .   (no gloves)
Will     .....                  (no boots)
Stlth    +.........             (no amulet)
HPRegen  0.11/turn              (no ring)
MPRegen  0.10/turn              (no ring)

@: agile
A: yellow scales 1, powered by pain 2
a: Renounce Religion, Depart the Abyss


You were on level 2 of the Dungeon.
You worshipped Lugonu.
Lugonu was aware of your devotion.
You visited 1 branch of the dungeon, and saw 2 of its levels.
You visited the Abyss 1 time.

You collected 123 gold pieces.

Inventory:

Hand Weapons
 a - a +1 short sword (weapon)
Armour
 b - a +0 leather armour (worn)
Scrolls
 f - a scroll of amnesia {unknown}
 g - a scroll of identify {unknown}
 h - 2 scrolls of remove curse {unknown}
 i - a scroll of magic mapping {unknown}
 j - a scroll of blinking {unknown}
 l - a scroll of fog {unknown}
Potions
 c - a potion of curing {unknown}
 d - 2 potions of brilliance {unknown}
 e - a potion of degeneration {unknown}
 k - a potion of ambrosia {unknown}


   Skills:
 + Level 3.4 Fighting
 * Level 2.7 Short Blades
 - Level 1.7 Armour
 + Level 1.6 Dodging
 * Level 3.9 Invocations


You had 3 spell levels left.
You didn't know any spells.
Your spell library was empty.

Dungeon Overview and Level Annotations

Branches:
Dungeon (2/15)

Altars:
Elyvilon

Annotations:
D:2 Crazy Yiuf


Innate Abilities, Weirdness & Mutations

You are partially covered in yellow scales. (AC +2)
You sometimes gain power by taking damage.


Message History

Crazy Yiuf hits you with a +2 quarterstaff of chaos!
You convulse!
* * * LOW HITPOINT WARNING * * *
You focus on the pain.
You feel agile all of a sudden.
Crazy Yiuf sings, "Trees, trees, trees, circus!"
There is a stone staircase leading up here.
There is a stone staircase leading up here.
Crazy Yiuf grits, "East sow snockshim!"
There is a stone staircase leading up here.
Crazy Yiuf screams, "Goldfish!
Defame leg alas."
Okay, then.
Crazy Yiuf sings, "Trees, trees, trees, circus!"
There is a stone staircase leading up here.
Crazy Yiuf hits you with a +2 quarterstaff of chaos!
* * * LOW HITPOINT WARNING * * *
Crazy Yiuf burns you.
* * * LOW HITPOINT WARNING * * *
Crazy Yiuf hits you with a +2 quarterstaff of chaos!
You die...

#.#.##.#.# #.#.##.#.# #.#.##.#.#
#.#.##.#.# ##### #.#.##.#.# #....
#.#......### #.###
#.####.#...###### #.#
#####.#..#.#g..##...####.###
######..........@........'.......
......>.......#.....##...#..#....
##########.#..#.........##..#####
#.#.......####.##..#....
#.#............##..#.##. ######
#.#...................#( .....#
#.###.........###..##### ####.#
#.# #.........# #..#.... #.# #.#
#.........# #..#.###


You could see Crazy Yiuf.

Vanquished Creatures
  3 adders (D:2)
  A dart slug (D:1)
  2 leopard geckos
  2 giant cockroaches
  6 goblins
  4 hobgoblins
  2 jackals (D:2)
  14 kobolds
  7 bats
  3 frilled lizards
  6 rats
50 creatures vanquished.

Notes
Turn   | Place    | Note
-------+----------+-------------------------------------------
     0 | Abyss:1  | Zeld the Demonspawn Abyssal Knight began the quest for the
                  | Orb.
     0 | Abyss:1  | Reached XP level 1. HP: 18/18 MP: 2/2
    79 | Abyss:1  | Noticed a tentacled starspawn
    83 | D:1      | Escaped the Abyss
   196 | D:1      | You fall into a shaft and drop 1 floor!
   220 | D:2      | Reached skill level 1 in Dodging
   553 | D:2      | Gained mutation: You sometimes gain a little power by
                  | taking damage. [demonic ancestry]
   553 | D:2      | Reached XP level 2. HP: 13/24 MP: 4/4
   942 | D:2      | Reached * piety under Lugonu
  1121 | D:2      | Found a white marble altar of Elyvilon.
  1159 | D:2      | Gained mutation: You sometimes gain power by taking damage.
                  | [demonic ancestry]
  1159 | D:2      | Reached XP level 3. HP: 8/29 MP: 5/5
  3142 | D:1      | Gained mutation: You are partially covered in yellow
                  | scales. (AC +2) [demonic ancestry]
  3142 | D:1      | Reached XP level 4. HP: 35/35 MP: 6/6
  3371 | D:2      | Found a runed translucent door.
  3372 | D:2      | Noticed Crazy Yiuf
  3978 | D:2      | Mangled by Crazy Yiuf

Illustrated notes

Levels and vault maps discovered:
D:1:      minmay_arrival_solitary_statue, layout_basic, minmay_pentomino_x4
D:2:      layout_basic, elyvilon_altar_5, uniq_crazy_yiuf_cottage

Skill      XL: |  1  2 |
---------------+-------+-----
Dodging        | 1 |  1.6
Short Blades   | 2 |  2.7
Invocations    | 3 |  3.9
Fighting       | |  3.4
Armour         | |  1.7

Action                   |  1- 3 |  4- 6 || total
-------------------------+-------+-------++-------
Melee: Short sword       |   168 |    31 ||   199
Invok: Depart the Abyss  |     1 |       ||     1
Armor: Leather armour    |    60 |    13 ||    73
Dodge: Dodged            |   132 |    18 ||   150
